 Dungeon Crawl Stone Soup version 0.28-a0-655-g4eb62b627b (webtiles) character file.

Game seed: 13991101817888977131

253 Irenicus the Geomancer (level 5, 63/63 HPs)
             Began as a Deep Dwarf Earth Elementalist on Oct 12, 2021.
             Quit the game on level 4 of the Dungeon.
             The game lasted 00:11:56 (1906 turns).

Irenicus the Geomancer (DDEE)                       Turns: 1906, Time: 00:11:57

Health: 63/63      AC: 22    Str: 10 (12) XL:     5   Next: 90%
Magic:  4/6        EV:  2    Int: 15 (16) God:
Gold:   110        SH:  0    Dex: 14 (15) Spells: 1/7 levels left

rFire   . . .      SeeInvis .   b - +2 dagger (speed)
rCold   . . .      Faith    .   (no shield)
rNeg    . . .      Spirit   .   (armour currently unavailable)
rPois   +          Reflect  .   (helmet currently unavailable)
rElec   .          Harm     .   (cloak currently unavailable)
rCorr   .          Rampage  .   (gloves currently unavailable)
Will    .....      NoTele   +   (boots currently unavailable)
Stlth   +++.......              (no amulet)
HPRegen 0.00/turn               (no ring)
MPRegen 0.10/turn               (no ring)

@: mighty, tree-form
A: stationary, stasis, torment immunity, boosted hp, damage resistance, heal
wounds, sense surroundings 1, no regeneration, thin skeletal structure 1, wild
magic 1
a: Heal Wounds


You were on level 4 of the Dungeon.
You were a tree.
You visited 1 branch of the dungeon, and saw 4 of its levels.

You collected 110 gold pieces.


Innate Abilities, Weirdness & Mutations

You are a tree.
Your roots penetrate the ground, keeping you stationary.
You cannot be teleported.
You are immune to unholy pain and torment.
Your maximum health is greatly increased.
Your equipment is partially melded.
You are resistant to damage.
You can heal yourself by infusing magical energy.
You passively map a small area around you.
You do not regenerate.
You have a somewhat thin skeletal structure. (Dex +2, Stealth+)
Your spells are a little harder to cast, but a little more powerful.


   Skills:
 - Level 2.1 Dodging
 - Level 2.4 Stealth
 - Level 1.7 Spellcasting
 - Level 0.8 Transmutations
 + Level 8.8 Earth Magic


You had one spell level left.
You knew the following spells:

 Your Spells              Type           Power      Damage    Failure   Level
t - Stone Arrow           Conj/Erth      38%        3d9       16%         3
w - Passwall              Tmut/Erth      16%        N/A       8%          2
z - Sandblast             Erth           72%        2d16      1%          1

Your spell library contained the following spells:

 Spells                   Type           Power      Damage    Failure   Level
 Apportation              Tloc           2%         N/A       30%         1
 Magic Dart               Conj           4%         1d3       30%         1
 Petrify                  Tmut/Erth      20%        N/A       38%         4
 Searing Ray              Conj           2%         2d4       43%         2
 Ozocubu's Armour         Ice            1%         N/A       65%         3
 Fulminant Prism          Conj/Hex       0%         3d6       95%         4
 Alistair's Intoxication  Tmut/Pois      2%         N/A       99%         5
 Invisibility             Hex            0%         N/A       100%        6
 Ozocubu's Refrigeration  Ice            0%         4d5       100%        7

Inventory:

Hand Weapons
 b - a +2 dagger of speed (weapon)
Missiles
 c - 70 stones
Armour
 h - a +0 leather armour
 l - a +2 ring mail of poison resistance (melded)
Scrolls
 e - a scroll of teleportation {@r2}
 f - a scroll of holy word
Potions
 i - a potion of brilliance

Dungeon Overview and Level Annotations

Branches:
Dungeon (4/15)
 Temple: D:4-7

Altars:
Cheibriados
Fedhas

, #. , , #.# , , #.#
, #######.#
.....>.########
#............. ,
#.............
#.....♣.......
####.##.............
,
..#.##.............
*
#.#.##.....########
###.#.#....###
#.....#..#†#
#.....#..#.#
#.....#. #.# ,
#.....####.#


There were no monsters in sight!


Message History

You fail to use your ability.
Use which ability? (? or * to list)
You fail to use your ability.
Use which ability? (? or * to list)
Your magical essence is drained by the effort!
You feel much better.
Unknown command.
Really quaff the potion of mutation?
You feel extremely strange.
You feel less in control of your magic.
Your bones become slightly less dense.
Autopickup is now off.
Autopickup is now on.
It was a potion of might.
You feel very mighty all of a sudden.
It was a potion of curing.
You feel better.
It was a potion of lignification.
You turn into a tree.
Your +2 ring mail of poison resistance melds into your body.
You no longer feel resistant to poison.
Your roots penetrate the ground.
It was a potion of heal wounds.
You feel much better.
It was a potion of degeneration.
There was something very wrong with that liquid.
You feel weakened.
You feel dopey.
You feel clumsy.
Are you sure you want to abandon this character and quit the game? (Confirm with "yes".)
Okay, then.
As you read the scroll labelled RYBLI BEDOUFO, it crumbles to dust.
It is a scroll of amnesia.
Really abort (and waste the scroll)?
Okay, then.
Okay, then.
Are you sure you want to abandon this character and quit the game? (Confirm with "yes".)

Skill      XL: |  1  2  3  4 |
---------------+-------------+-----
Earth Magic    | 5 6 8 |  8.8
Dodging        | |  2.1
Stealth        | |  2.4
Spellcasting   | |  1.7
Transmutations | |  0.8

Action                   |  1- 3 |  4- 6 || total
-------------------------+-------+-------++-------
Melee: Dagger            |    12 |    11 ||    23
 Cast: Sandblast         |    52 |    29 ||    81
       Passwall          |     6 |     5 ||    11
       Stone Arrow       |       |     1 ||     1
 Abil: Heal Wounds       |       |     1 ||     1
  Use: Scroll            |       |     6 ||     6
       Potion            |       |     6 ||     6
 Stab: Sleeping          |     2 |       ||     2
Armor: Leather armour    |     6 |     1 ||     7
       Ring mail         |       |     1 ||     1
Dodge: Dodged            |    15 |     8 ||    23

Levels and vault maps discovered:
D:1:      dpeg_arrival_pits, layout_basic, shapermc_ecumenical_altar_rom_forum,
          minivault_24
D:2:      layout_basic, kennysheep_generic_room_16
D:3:      layout_basic, mainiacjoe_overflow_alcove_2, hangedman_decor_lopped
D:4:      layout_basic, nemelex_diamond_rough_becter,
          mainiacjoe_overflow_concentric_impassable, feat_on_display

Notes
Turn   | Place    | Note
-------+----------+-------------------------------------------
     0 | D:1      | Irenicus the Deep Dwarf Earth Elementalist began the quest
                  | for the Orb.
     0 | D:1      | Reached XP level 1. HP: 15/15 MP: 3/3
    39 | D:1      | Found a faded altar of an unknown god.
    42 | D:1      | Got Plato's Catalogue of Translocation
   275 | D:1      | Reached XP level 2. HP: 22/22 MP: 1/4
   459 | D:1      | Reached skill level 5 in Earth Magic
   558 | D:1      | Learned a level 2 spell: Passwall
   870 | D:2      | Reached XP level 3. HP: 28/28 MP: 0/5
   981 | D:2      | Reached skill level 6 in Earth Magic
  1270 | D:3      | Found a snail-covered altar of Cheibriados.
  1308 | D:3      | Reached XP level 4. HP: 33/36 MP: 4/6
  1340 | D:3      | Learned a level 3 spell: Stone Arrow
  1759 | D:4      | Noticed a necrophage
  1769 | D:4      | Killed a necrophage
  1770 | D:4      | Reached skill level 8 in Earth Magic
  1770 | D:4      | Reached XP level 5. HP: 33/42 MP: 0/7
  1799 | D:4      | Found a blossoming altar of Fedhas.
  1899 | D:4      | Gained mutation: Your spells are a little harder to cast,
                  | but a little more powerful. [potion of mutation]
  1899 | D:4      | Gained mutation: You have a somewhat thin skeletal
                  | structure. (Dex +2, Stealth+) [potion of mutation]
  1906 | D:4      | Quit the game

Vanquished Creatures
  A necrophage (D:4)
  A wyvern skeleton (D:4)
  An iguana (D:4)
  An adder (D:2)
  An ufetubus (D:2)
  2 worms (D:2)
  4 dart slugs
  2 orcs (D:3)
  5 ball pythons
  4 endoplasms
  5 giant cockroaches
  9 goblins
  5 hobgoblins
  4 quokkas
  3 bats
  4 frilled lizards
  2 kobolds (D:1)
  9 rats
63 creatures vanquished.

Table legend: (Time is in decaauts)
 A = Elapsed time spent in this place.
 B = Non-inter-level travel time spent in this place.
 C = Inter-level travel time spent in this place.
 D = Time resting spent in this place.
 E = Time spent auto-exploring this place.
 F = Levels seen in this place.
 G = Mean time per level.
                   A        B        C        D        E       F      G
               +--------+--------+--------+--------+--------+-----+--------+
         Total |   1900 |   1890 |     10 |      0 |      0 |   4 |  475.0 |
       Dungeon |   1900 |   1890 |     10 |      0 |      0 |   4 |  475.0 |
               +--------+--------+--------+--------+--------+-----+--------+

Top non-repeatable levels by time:
     D:1: 629 daAuts
     D:2: 572 daAuts
     D:3: 505 daAuts
     D:4: 193 daAuts

Table legend:
 A = Non-vault XP
 B = Vault XP
 C = Vault XP percentage of total XP
 D = Non-vault monster count
 E = Vault monster count
 F = Vault count percentage of total count
                 A         B        C        D         E       F
            +---------+---------+-------+---------+---------+-------
      Total |     349 |      13 |   3.6 |      59 |       4 |   6.3
            +---------+---------+-------+---------+---------+-------
        D:1 |      27 |       0 |   0.0 |      16 |       0 |   0.0
        D:2 |      50 |      13 |  20.6 |      17 |       4 |  19.0
        D:3 |      32 |       0 |   0.0 |      16 |       0 |   0.0
        D:4 |     240 |       0 |   0.0 |      10 |       0 |   0.0
            +---------+---------+-------+---------+---------+-------
